AoeStats
← ME_DEPRIME_JUGAR_CON_USTEDES

Arena

506785882Analyzed
4v4 RM · 16d ago on Sep 15, 2026· 50m 23s· 8 players
Game mode
Random Map
Map size
Large (8 player)
Population
200
Speed
Normal
Resources
Standard
Victory
Conquest
Starting age
Dark Age
Ending age
Imperial Age
RankedLock teamsTeams togetherTeam positionsShared explorationLock speedFull tech treeHidden civsTurbo modeCheats
Victory
Defeat
1506
+11
🇦🇷 Inca · Argentina
1346
+18
🇦🇷 Persians · Argentina
1306
+19
🇦🇷 Khmer · Argentina
1304
+19
🇦🇷 Magyars · Argentina
1451
-19
🇫🇷 Jurchens · France
1414
-18
🇨🇴 Britons · Colombia
1377
-17
🇹🇼 Khmer · Taiwan
1298
-13
The REAL Pepsiman
9:01 Loom
10:46 Feudal Age
16:35 Castle Age
16:20 Double-Bit Axe
T91Official
10:48 Feudal Age
14:27 Castle Age
12:16 Double-Bit Axe
12:13 Horse Collar
22:30 Fletching
22:36 Loom
23:30 Wheelbarrow
24:48 Bodkin Arrow
29:43 Heavy Plow
34:04 Hand Cart
33:24 Crossbowman
34:41 Ballistics
35:59 Bow Saw
36:30 Padded Archer Armor
36:29 Murder Holes
36:45 Masonry
39:22 Imperial Age
37:12 Fortified Wall
38:00 Leather Archer Armor
39:55 Arbalester
40:37 Bracer
41:39 Chemistry
40:20 Treadmill Crane
40:09 Capped Ram
41:43 Forging
41:33 Scale Mail Armor
42:18 Ring Archer Armor
41:43 Pikeman
42:24 Squires
44:04 Two-Man Saw
43:01 Gold Mining
43:02 Stone Mining
43:46 Halberdier
44:59 Chain Mail Armor
45:20 Iron Casting
47:13 Plate Mail Armor
47:58 Blast Furnace
48:57 Conscription
49:39 Architecture
50:21 Guard Tower
fassu
4:22 Loom
10:48 Feudal Age
14:35 Castle Age
12:52 Double-Bit Axe
13:28 Horse Collar
21:45 Stone Mining
22:33 Wheelbarrow
22:51 Scale Barding Armor
23:00 Bow Saw
22:45 Gold Mining
23:58 Chain Barding Armor
24:38 Bloodlines
24:28 Husbandry
32:01 Imperial Age
29:30 Town Watch
29:35 Loom
32:16 Gold Shaft Mining
32:04 Cavalier
33:20 Plate Barding Armor
33:06 Conscription
34:01 Two-Man Saw
33:18 Hand Cart
34:01 Paladin
38:08 Heavy Plow
42:46 Capped Ram
45:31 Fletching
46:02 Ballistics
46:43 Chemistry
46:27 Bodkin Arrow
46:49 Recurve Bow
46:55 Heavy Cavalry Archer
47:58 Bracer
48:00 Padded Archer Armor
49:18 Parthian Tactics
49:01 Light Cavalry
IAMDAGG
12:49 Feudal Age
16:48 Castle Age
14:35 Double-Bit Axe
14:32 Horse Collar
15:08 Stone Mining
15:11 Gold Mining
18:03 Bow Saw
21:42 Heavy Plow
24:25 Gold Shaft Mining
24:28 Stone Shaft Mining
24:57 Wheelbarrow
24:08 Town Watch
25:33 Husbandry
25:44 Bloodlines
25:47 Forging
25:43 Scale Barding Armor
27:29 Iron Casting
27:31 Hand Cart
27:19 Town Patrol
350 pero pregriloso
11:05 Feudal Age
15:04 Castle Age
14:11 Double-Bit Axe
15:42 Scale Barding Armor
15:27 Horse Collar
18:11 Husbandry
20:33 Wheelbarrow
22:30 Chain Barding Armor
26:51 Bloodlines
27:12 Hand Cart
27:39 Loom
29:16 Forging
29:08 Gold Mining
29:08 Stone Mining
32:37 Bow Saw
35:23 Imperial Age
33:00 Heavy Plow
36:00 Iron Casting
35:01 Cavalier
35:09 Heavy Camel Rider
37:10 Plate Barding Armor
37:57 Gold Shaft Mining
38:37 Blast Furnace
37:15 Savar
41:00 Fletching
45:56 Caravan
46:54 Fletching
47:46 Man-at-Arms
48:12 Gambesons
48:28 Squires
47:49 Pikeman
48:14 Arson
Nikems
5:38 Loom
8:01 Feudal Age
12:30 Fletching
18:18 Town Watch
20:19 Double-Bit Axe
20:15 Horse Collar
23:33 Wheelbarrow
26:17 Castle Age
24:23 Gold Mining
25:18 Scale Mail Armor
30:21 Heavy Plow
30:34 Bow Saw
31:33 Squires
31:19 Arson
34:23 Gold Shaft Mining
33:38 Stone Mining
34:14 Hand Cart
34:43 Chain Mail Armor
34:38 Forging
37:51 Stone Shaft Mining
39:45 Fortified Wall
39:16 Treadmill Crane
46:16 Imperial Age
45:06 Forging
46:19 Capped Ram
47:33 Plate Mail Armor
47:26 Conscription
46:28 Elite Kamayuk
47:10 Fabric Shields
47:36 Siege Ram
49:41 Iron Casting
49:30 Siege Engineers
50:27 Chemistry
49:47 Ballistics
menos que Corky
10:43 Feudal Age
14:22 Castle Age
16:35 Horse Collar
16:48 Double-Bit Axe
20:55 Bow Saw
30:49 Imperial Age
30:35 Heavy Plow
30:15 Pikeman
31:09 Halberdier
34:52 Scale Mail Armor
36:07 Forging
36:33 Chain Mail Armor
37:43 Iron Casting
41:08 Blast Furnace
49:13 Elite Ballista Elephant
ME_DEPRIME_JUGAR_CON_USTEDES
5:58 Double-Bit Axe
7:35 Horse Collar
11:44 Feudal Age
13:58 Bow Saw
14:23 Bow Saw
16:31 Castle Age
14:30 Gold Mining
15:09 Heavy Plow
16:26 Gold Shaft Mining
16:28 Scale Barding Armor
21:01 Wheelbarrow
23:14 Forging
22:53 Cavalier
29:29 Hand Cart
29:07 Stone Mining
28:54 Pikeman
29:34 Squires
33:01 Imperial Age
30:24 Loom
30:25 Town Watch
31:41 Two-Man Saw
31:20 Crop Rotation
30:51 Scale Mail Armor
31:26 Iron Casting
31:32 Chain Barding Armor
31:55 Husbandry
33:18 Paladin
34:34 Plate Barding Armor
35:00 Blast Furnace
35:53 Conscription
35:44 Burgundian Vineyards
36:31 Elite Coustillier
38:10 Stone Shaft Mining
41:27 Fletching
41:37 Padded Archer Armor
41:37 Scale Mail Armor
47:43 Light Cavalry
48:20 Bodkin Arrow
48:42 Chain Mail Armor
48:42 Leather Archer Armor
49:30 Coinage
49:10 Guilds
49:01 Caravan
50:53 Bracer
51:32 Banking
Connection lost

Rejoining the realm…

Still unreachable

The connection could not be restored.

Session expired

The server has moved on; the page needs a fresh start.